 Dungeon Crawl Stone Soup version 0.30-a0-737-gf23d94013f (webtiles) character file.

Game seed: 13041942791577725096

294 retardedninja the Trooper (level 6, -5/39 HPs)
             Began as a Gargoyle Fighter on Feb 2, 2023.
             Slain by a gnoll
             ... wielding a +0 halberd
              (8 damage)
             ... on level 1 of the Dungeon.
             The game lasted 00:01:39 (1198 turns).

retardedninja the Trooper (Gargoyle Fighter)        Turns: 1198, Time: 00:01:40

Health: -5/39      AC: 11    Str: 21    XL:     6   Next: 33%
Magic:  6/6        EV:  9    Int:  9    God:
Gold:   68         SH:  4    Dex:  9    Spells: 5/5 levels left

rFire   . . .      SeeInvis .    a - +0 flail
rCold   . . .      Faith    .    c - +0 buckler
rNeg    + . .      Spirit   .    b - +0 scale mail
rPois   ∞          Reflect  .    (no helmet)
rElec   +          Harm     .    (no cloak)
rCorr   .          Rampage  .    (no gloves)
Will    .....                    (no boots) Stlth
                                 (no amulet)
HPRegen 0.26/turn                (no ring)
MPRegen 0.10/turn                (no ring)

@: flying
A: sickness immunity, AC +4, negative energy resistance 1, electricity
resistance, torment resistance 1, petrification resistance
a: no special abilities


You were on level 1 of the Dungeon.
You visited 1 branch of the dungeon, and saw 2 of its levels.

You collected 68 gold pieces.

Inventory:

Hand Weapons
 a - a +0 flail (weapon)
Armour
 b - a +0 scale mail (worn)
 c - a +0 buckler (worn)
Scrolls
 e - a scroll of teleportation {unknown}
 f - a scroll of poison {unknown}
 g - 3 scrolls of immolation {unknown}
 i - a scroll of enchant weapon {unknown}
 k - 3 scrolls of identify {unknown}
Potions
 j - a potion of berserk rage {unknown}


   Skills:
 + Level 4.7 Fighting
 + Level 3.6 Maces & Flails
 + Level 4.7 Armour
 + Level 4.7 Shields


You had 5 spell levels left.
You didn't know any spells.
Your spell library was empty.

Dungeon Overview and Level Annotations

Branches:
Dungeon (2/15)

Altars:


Innate Abilities, Weirdness & Mutations

You are immune to sickness and miasma.
Your stone body is resilient. (AC +4)
You are immune to poison.
You resist negative energy. (rN+)
You are resistant to electric shocks. (rElec)
You are resistant to unholy torment.
You are immune to petrification.


Message History

There is a stone staircase leading up here.
The gnoll closely misses you. The gnoll hits you but does no damage.
There is a stone staircase leading up here.
The gnoll hits you but does no damage. The gnoll hits you with a +0 halberd!
You climb upwards.
There is a stone staircase leading down here.
The gnoll barely misses you. The gnoll hits you but does no damage.
You barely miss the gnoll. You block the gnoll's attack.
The gnoll hits you from afar with a +0 halberd.
You sock the gnoll!
The gnoll is severely wounded.
The gnoll hits you with a +0 whip.
The gnoll hits you from afar with a +0 halberd!
You barely miss the gnoll.
The gnoll is severely wounded.
The gnoll hits you with a +0 whip. The gnoll hits you but does no damage.
The gnoll barely misses you.
The gnoll hits you from afar with a +0 halberd.
* * * LOW HITPOINT WARNING * * *
It was a potion of flight.
You feel very buoyant.
You fly up into the air.
The gnoll hits you with a +0 whip.
* * * LOW HITPOINT WARNING * * *
The gnoll hits you from afar with a +0 halberd.
* * * LOW HITPOINT WARNING * * *
It was a potion of curing.
You feel better. The gnoll barely misses you. The gnoll misses you.
You closely miss the gnoll.
The gnoll is severely wounded.
The gnoll hits you with a +0 whip.
* * * LOW HITPOINT WARNING * * *
The gnoll hits you from afar with a +0 halberd!
* * * LOW HITPOINT WARNING * * *
The gnoll barely misses you. x2
There is a stone staircase leading down here.
You hit the gnoll.
The gnoll is heavily wounded.
The gnoll barely misses you. The gnoll hits you with a +0 halberd!
You die...

### ### #.###.# #.....#
#.###.# #.#.#.# #.#.#.#
#.#.#.# #...#g####
##############.#@...###
#..............g......#######
#.##############.##.#.......#
#.# #........#.#.......# #.#
#.#####..#.#.......# #.# #.#
#..#.#.......# #.# #.#
#..#.###...### #.# #.# #..#.#
###..# #.# #.# #..#.# ##.#


You could see 2 gnolls.

Vanquished Creatures
  Sigmund (D:2)
  Jessica (D:2)
  Natasha (thrice) (D:2)
  2 dart slugs
  5 endoplasms
  A giant cockroach (D:2)
  4 hobgoblins
  2 ball pythons
  4 bats
  A frilled lizard (D:2)
  3 goblins
  2 kobolds
  5 rats
34 creatures vanquished.

Notes
Turn   | Place    | Note
-------+----------+-------------------------------------------
     0 | D:1      | retardedninja the Gargoyle Fighter began the quest for the
                  | Orb.
     0 | D:1      | Reached XP level 1. HP: 14/14 MP: 1/1
   359 | D:1      | Reached XP level 2. HP: 19/19 MP: 2/2
   882 | D:2      | Noticed Sigmund
   885 | D:2      | Noticed Jessica
   887 | D:2      | Killed Sigmund
   888 | D:2      | Reached XP level 3. HP: 21/24 MP: 3/3
   888 | D:2      | Reached XP level 4. HP: 27/30 MP: 4/4
   888 | D:2      | Reached XP level 5. HP: 30/34 MP: 5/5
   890 | D:2      | Killed Jessica
   914 | D:2      | Noticed Natasha
   920 | D:2      | Killed Natasha
   921 | D:2      | Reached XP level 6. HP: 34/39 MP: 6/6
   967 | D:2      | Noticed Natasha
   974 | D:2      | Killed Natasha
  1039 | D:2      | Noticed Natasha
  1046 | D:2      | Killed Natasha
  1198 | D:1      | Slain by a gnoll

Illustrated notes

Levels and vault maps discovered:
D:1:      noname_arrival_rooms_in_the_neighbourhood, layout_basic
D:2:      layout_basic, uniq_natasha, uniq_jessica, uniq_sigmund

Skill      XL: |  1  2 |
---------------+-------+-----
Fighting       | 4 |  4.7
Maces & Flails | 3 |  3.6
Armour         | 4 |  4.7
Shields        | 4 |  4.7

Action                     |  1- 3 |  4- 6 || total
---------------------------+-------+-------++-------
  Melee: Flail             |    34 |    44 ||    78
    Use: Potion            |     1 |     2 ||     3
 Armour: Scale mail        |    14 |    26 ||    40
  Dodge: Dodged            |    17 |    26 ||    43
  Block: Buckler           |     6 |    12 ||    18

Table legend: (Time is in decaauts)
 A = Elapsed time spent in this place.
 B = Non-inter-level travel time spent in this place.
 C = Inter-level travel time spent in this place.
 D = Time resting spent in this place.
 E = Time spent auto-exploring this place.
 F = Levels seen in this place.
 G = Mean time per level.
                   A        B        C        D        E       F      G
               +--------+--------+--------+--------+--------+-----+--------+
         Total |   1231 |   1193 |     38 |      0 |    943 |   2 |  615.5 |
       Dungeon |   1231 |   1193 |     38 |      0 |    943 |   2 |  615.5 |
               +--------+--------+--------+--------+--------+-----+--------+

Top non-repeatable levels by time:
     D:1: 812 daAuts
     D:2: 419 daAuts
